 Dungeon Crawl Stone Soup version 0.26-a0-540-g8a0c9464d7 (webtiles) character file.

Game seed: 4043818377601889092

788 Lanoc the Chopper (level 7, -4/61 HPs)
             Began as a Minotaur Fighter on Aug 16, 2020.
             Slain by an orc priest
             ... wielding a +0 hand axe
              (7 damage)
             ... on level 5 of the Dungeon.
             The game lasted 00:03:00 (2685 turns).

Lanoc the Chopper (Minotaur Fighter)                Turns: 2685, Time: 00:03:01

Health: -4/61      AC:  0    Str: 20    XL:     7   Next: 56%
Magic:  6/6        EV: 13    Int:  5    God:
Gold:   129        SH:  5    Dex: 16    Spells: 6/6 levels left

rFire    + . .     SeeInvis .   a - +1 war axe
rCold    . . .     Faith    .   r - +0 buckler "Budeum" {*Corrode +Inv Dex+4} (curse)
rNeg     . . .     Spirit   .   i - +0 ring mail {rF+}
rPois    .         Reflect  .   (helmet restricted)
rElec    .         Harm     .   (no cloak)
rCorr    .                      j - +1 pair of gloves
MR       .....                  (no boots)
Stlth    +.........             (no amulet)
HPRegen  0.20/turn              (no ring)
MPRegen  0.10/turn              (no ring)

@: corroded
A: retaliatory headbutt, horns 2
a: Evoke Invisibility


You were on level 5 of the Dungeon.
You visited 1 branch of the dungeon, and saw 5 of its levels.

You collected 129 gold pieces.

Inventory:

Hand Weapons
 a - a +1 war axe (weapon)
Armour
 c - a +0 kite shield
 i - a +0 ring mail of fire resistance (worn)
 j - a +1 pair of gloves (worn)
 r - the cursed +0 buckler "Budeum" (worn) {*Corrode +Inv Dex+4}
   (You found it on level 4 of the Dungeon)

   It affects your dexterity (+4).
   It lets you turn invisible.
   It may corrode you when you take damage.
   It has a curse placed upon it.
Wands
 m - a wand of random effects (4)
Scrolls
 f - a scroll of immolation
 h - a scroll of enchant armour
 l - 2 scrolls of teleportation
Potions
 d - 2 potions of might
 e - a potion of ambrosia {unknown}
 g - a potion of heal wounds {unknown}
 o - 2 potions of stabbing


   Skills:
 + Level 5.4 Fighting
 * Level 6.3 Axes
 + Level 5.5 Armour
 + Level 3.5 Dodging
 + Level 5.5 Shields


You had 6 spell levels left.
You didn't know any spells.
Your spell library was empty.

Dungeon Overview and Level Annotations

Branches:
Dungeon (5/15)
 Temple: D:4-7

Altars:


Innate Abilities, Weirdness & Mutations

You reflexively headbutt those who attack you in melee.
You have a pair of horns on your head.


Message History

The orc priest closely misses you.
You hit the orc priest. Your headbutt misses the orc priest.
The orc priest is moderately wounded.
The orc priest hits you but does no damage.
You barely miss the orc priest.
The orc priest is moderately wounded.
The orc priest hits you with a +0 hand axe.
* * * LOW HITPOINT WARNING * * *
You barely miss the orc priest. Your headbutt misses the orc priest.
The orc priest is moderately wounded.
You block the orc priest's attack.
You barely miss the orc priest.
The orc priest is moderately wounded.
The orc priest misses you.
You hit the orc priest.
You headbutt the orc priest, but do no damage.
The orc priest is severely wounded.
The orc priest misses you.
The orc priest hits you with a +0 hand axe!
You die...

##...##
##.....##
####.......##
............#
............+
#..........#
#..)o...#
#.)@).# ##..?##
##'##
#.#########
#..........
######..########
#.......## ##
#.#.<....# ..
#.#.#...##


You could see an orc priest.

Vanquished Creatures
  Sigmund (D:3)
  2 ogres (D:4)
  A bullfrog skeleton (D:4)
  A centaur skeleton (D:4)
  2 hounds (D:4)
  3 orc priests
  2 orc wizards
  4 worker ants (D:4)
  3 adders
  An ooze (D:3)
  2 adder skeletons (D:4)
  A dart slug (D:3)
  A leopard gecko (D:3)
  18 orcs
  A ball python (D:3)
  3 giant cockroaches (D:3)
  3 goblins (D:3)
  2 hobgoblins
  3 bats
  3 frilled lizards (D:3)
  5 kobolds
  2 rats (D:3)
64 creatures vanquished.

Notes
Turn   | Place    | Note
-------+----------+-------------------------------------------
     0 | D:1      | Lanoc the Minotaur Fighter began the quest for the Orb.
     0 | D:1      | Reached XP level 1. HP: 19/19 MP: 0/0
   231 | D:3      | Reached XP level 2. HP: 24/27 MP: 1/1
   395 | D:3      | Reached skill level 3 in Axes
   419 | D:3      | Reached skill level 1 in Dodging
   492 | D:4      | Reached XP level 3. HP: 20/33 MP: 2/2
   628 | D:3      | Reached XP level 4. HP: 40/40 MP: 3/3
   865 | D:3      | Reached skill level 4 in Axes
   952 | D:3      | Noticed Sigmund
   970 | D:3      | Killed Sigmund
   970 | D:3      | Reached XP level 5. HP: 14/47 MP: 4/4
   970 | D:3      | Reached XP level 6. HP: 16/53 MP: 5/5
  1374 | D:4      | Reached skill level 5 in Axes
  1620 | D:4      | Reached skill level 5 in Armour
  1633 | D:4      | Reached skill level 5 in Fighting
  1633 | D:4      | Reached skill level 5 in Shields
  1846 | D:4      | Reached XP level 7. HP: 54/61 MP: 6/6
  2013 | D:4      | Got an ichor-stained buckler
  2024 | D:4      | Identified the cursed +0 buckler "Budeum" {*Corrode +Inv
                  | Dex+4} (You found it on level 4 of the Dungeon)
  2179 | D:4      | Reached skill level 6 in Axes
  2642 | D:5      | Entered Level 5 of the Dungeon
  2682 | D:5      | HP: 3/61 [orc priest/+0 hand axe (6)]
  2685 | D:5      | Slain by an orc priest

Illustrated notes

Levels and vault maps discovered:
D:1:      eino_arrival_tree_alley, layout_basic
D:2:      layout_loops_corners, minmay_ruptured
D:3:      layout_rooms, uniq_sigmund
D:4:      layout_loops_ring
D:5:      layout_loops_corners, minmay_temple_entry_ruins,
          nicolae_ossuary_entry_catacombs, uniq_pikel

Skill      XL: |  1  2  3  4  5  6  7 |
---------------+----------------------+-----
Axes           | 3 4 5 6 |  6.3
Dodging        | 1 2 3 |  3.5
Fighting       | 4 5 |  5.4
Armour         | 4 5 |  5.5
Shields        | 4 5 |  5.5

Action                   |  1- 3 |  4- 6 |  7- 9 || total
-------------------------+-------+-------+-------++-------
Melee: War axe           |    37 |    99 |    40 ||   176
       Headbutt          |    14 |    15 |     8 ||    37
  Use: Potion            |       |     1 |       ||     1
       Scroll            |       |       |     8 ||     8
Armor: Scale mail        |    14 |    41 |     5 ||    60
Dodge: Dodged            |    13 |    30 |    20 ||    63
Block: Kite shield       |    22 |    47 |       ||    69
       Buckler           |       |       |     9 ||     9

Table legend: (Time is in decaauts)
 A = Elapsed time spent in this place.
 B = Non-inter-level travel time spent in this place.
 C = Inter-level travel time spent in this place.
 D = Time resting spent in this place.
 E = Time spent auto-exploring this place.
 F = Levels seen in this place.
 G = Mean time per level.
                   A        B        C        D        E       F      G
               +--------+--------+--------+--------+--------+-----+--------+
         Total |   2742 |   2681 |     61 |      0 |   2227 |   5 |  548.4 |
       Dungeon |   2742 |   2681 |     61 |      0 |   2227 |   5 |  548.4 |
               +--------+--------+--------+--------+--------+-----+--------+

Top non-repeatable levels by time:
     D:4: 1324 daAuts
     D:3: 1141 daAuts
     D:2: 128 daAuts
     D:1: 103 daAuts
     D:5: 45 daAuts
